 Dungeon Crawl Stone Soup version 0.29.1-2-gbd0b4ee654 (webtiles) character file.

Game seed: 4397616008969158873

45 xian the Trooper (level 3, -1/29 HPs)
             Began as a Demonspawn Abyssal Knight on Nov 10, 2022.
             Was a Believer of Lugonu.
             Slain by a hobgoblin (2 damage)
             ... on level 2 of the Dungeon.
             The game lasted 00:05:23 (1660 turns).

xian the Trooper (Demonspawn Abyssal Knight)        Turns: 1660, Time: 00:05:24

Health: -1/29      AC:  3    Str: 15    XL:     3   Next: 42%
Magic:  5/5        EV: 11    Int: 11    God:    Lugonu [**....]
Gold:   60         SH:  0    Dex: 13    Spells: 4/4 levels left

rFire   . . .      SeeInvis .   a - +1 short sword
rCold   . . .      Faith    .   (no shield)
rNeg    . . .      Spirit   .   b - +0 leather armour
rPois   .          Reflect  .   (no helmet)
rElec   .          Harm     .   (no cloak)
rCorr   .          Rampage  .   (no gloves)
Will    .....                   (no boots)
Stlth   +.........              (no amulet)
HPRegen 0.09/turn               (no ring)
MPRegen 0.09/turn               (no ring)

@: no status effects
A: demonic magic 1
a: Renounce Religion, Depart the Abyss, Bend Space


You were on level 2 of the Dungeon.
You worshipped Lugonu.
Lugonu was pleased with you.
You visited 1 branch of the dungeon, and saw 2 of its levels.
You visited the Abyss 1 time.

You collected 60 gold pieces.

Inventory:

Hand Weapons
 a - a +1 short sword (weapon)
Armour
 b - a +0 leather armour (worn)
Scrolls
 c - a scroll of poison {unknown}
 e - a scroll of identify {unknown}
 h - a scroll of teleportation {unknown}
Potions
 d - a potion of ambrosia {unknown}
 f - a potion of curing {unknown}
 g - a potion of berserk rage {unknown}


   Skills:
 + Level 3.4 Fighting
 + Level 2.0 Short Blades
 + Level 2.0 Armour
 + Level 1.2 Dodging
 + Level 0.3 Stealth
 * Level 1.0 Spellcasting
 * Level 3.0 Invocations


You had 4 spell levels left.
You didn't know any spells.
Your spell library was empty.

Dungeon Overview and Level Annotations

Branches:
Dungeon (2/15)

Altars:


Innate Abilities, Weirdness & Mutations

Spells you cast may paralyse adjacent enemies.


Message History

You hit the kobold but do no damage. The kobold hits you but does no damage.
You barely miss the kobold. The kobold hits you but does no damage.
You hit the kobold.
You kill the kobold!
Lugonu accepts your kill.
You hit the dart slug but do no damage. You hit the dart slug.
The dart slug is moderately wounded.
The dart slug launches a dart at you. The slug dart hits you.
* * * LOW HITPOINT WARNING * * *
You hit the dart slug.
The dart slug is heavily wounded.
The dart slug launches a dart at you. The slug dart hits you.
* * * LOW HITPOINT WARNING * * *
You hit the dart slug.
You kill the dart slug!
Lugonu accepts your kill.
The hobgoblin throws a stone.
The stone closely misses you.
You hit the hobgoblin.
The hobgoblin is severely wounded.
The hobgoblin hits you.
* * * LOW HITPOINT WARNING * * *
You closely miss the hobgoblin.
The hobgoblin is severely wounded.
The hobgoblin barely misses you.
You hit the hobgoblin.
The hobgoblin is almost dead.
The hobgoblin closely misses you.
You hit the hobgoblin but do no damage.
The hobgoblin is almost dead.
The hobgoblin closely misses you.
You closely miss the hobgoblin.
The hobgoblin is almost dead.
The hobgoblin hits you but does no damage.
You closely miss the hobgoblin.
The hobgoblin is almost dead.
The hobgoblin hits you.
You die...

. .. #####.##.
#####........
##############.#g........#
...............#g#...#....
...........###.#@#...# )
...........##....#..K..
...^.......#########g##$#
...........# .# g.
...........# .. #
.##....###.# ...
...[##.###.# ###..#.#<..#
.....#.#####...


You could see 2 hobgoblins.

Vanquished Creatures
  An adder (D:2)
  A dart slug (D:2)
  3 bats
  3 endoplasms (D:1)
  2 giant cockroaches
  A goblin (D:1)
  2 hobgoblins
  2 quokkas (D:1)
  6 ball pythons
  2 frilled lizards (D:1)
  5 kobolds
  5 rats (D:1)
33 creatures vanquished.

Notes
Turn   | Place    | Note
-------+----------+-------------------------------------------
     0 | Abyss:1  | xian the Demonspawn Abyssal Knight began the quest for the
                  | Orb.
     0 | Abyss:1  | Reached XP level 1. HP: 18/18 MP: 2/2
   116 | Abyss:1  | Noticed a ynoxinul
   129 | Abyss:1  | Noticed a large abomination
   131 | D:1      | Escaped the Abyss
   459 | D:1      | Reached ** piety under Lugonu
   460 | D:1      | Gained mutation: Spells you cast may paralyse adjacent
                  | enemies. [demonic ancestry]
   460 | D:1      | Reached XP level 2. HP: 24/24 MP: 3/3
   756 | D:1      | Found Fun Nuoq's General Store.
  1112 | D:1      | Reached skill level 1 in Dodging
  1543 | D:2      | Reached XP level 3. HP: 25/29 MP: 5/5
  1642 | D:2      | Reached skill level 1 in Spellcasting
  1653 | D:2      | HP: 1/29 [dart slug/slug dart (5)]
  1660 | D:2      | Slain by a hobgoblin

Illustrated notes

Levels and vault maps discovered:
D:1:      dpeg_arrival_tiny_h, layout_basic, serial_shops, shop
D:2:      layout_basic, minmay_tall_x

Skill      XL: |  1  2  3 |
---------------+----------+-----
Short Blades   | 2 |  2.0
Dodging        | 1 |  1.2
Armour         | 2 |  2.0
Spellcasting   | 1 |  1.0
Invocations    | 3 |  3.0
Fighting       | |  3.4
Stealth        | |  0.3

Action                   || total
-------------------------++-------
Melee: Short sword       ||   106
Invok: Depart the Abyss  ||     1
Armor: Leather armour    ||    25
Dodge: Dodged            ||    65
